Avalanche vs Kings

Created - November-06-14 at 17:18

Goals
1 2 3 T
Avalanche 1 1 2 4
Kings 0 0 1 1
Shots
1 2 3 T
Avalanche 9 17 12 38
Kings 16 4 9 29

1st period

1. Avalanche , Boone Jenner 1 (Nick Holden, Tyson Barrie) at 1:39

Penalties :
Dennis Seidenberg (LOS) for Fighting (Major) at 3:15, Justin Faulk (COL) for Fighting (Major) at 3:15, Kris Letang (LOS) for Fighting (Major) at 3:15, Keith Yandle (COL) for Fighting (Major) at 3:15, Brian Gionta (LOS) for Fighting (Major) at 3:15, Quinton Howden (COL) for Fighting (Major) at 3:15, Colin Wilson (LOS) for Roughing (Minor) at 3:15, Mikael Granlund (LOS) for Roughing (Minor) at 3:15, Scottie Upshall (COL) for Roughing (Minor) at 3:15, Matt Calvert (COL) for Slashing (Minor) at 3:15, Matt Calvert (COL) for Roughing (Minor) at 9:59, Nick Holden (COL) for Interference (Minor) at 16:24

2nd period

2. Avalanche , Marian Hossa 9 (Tyson Barrie, Cody Hodgson) at 6:13

Penalties :
Brian Gionta (LOS) for Interference (Minor) at 6:58, Robyn Regehr (LOS) for Interference (Minor) at 11:11, Robyn Regehr (LOS) for High sticking (Minor) at 13:21, Sami Vatanen (COL) for Slashing (Minor) at 18:21

3rd period

3. Avalanche , Christopher Higgins 3 (Keith Yandle, Justin Faulk) at 2:28
4. Avalanche , Keith Yandle 4 (Kevin Shattenkirk, Marian Hossa) at 6:22 (PP)
5. Kings , Mikael Granlund 9 (Brian Gionta) at 9:58

Penalties :
Tyler Myers (LOS) for Hooking (Minor) at 4:39, Marcus Johansson (COL) for Holding (Minor) at 10:12

Goalie Stats

Martin Jones (COL), 28 saves from 29 shots - (0.966), W, 3-1-1, 60:00 minutes
Steve Mason (LOS), 34 saves from 38 shots - (0.895), L, 5-6-0, 60:00 minutes

Players Stats for Avalanche

Player Name              G  A  P  +/- PIM S  H  SB GA TA FO     MP     PP MP  PK MP  
------------------------------------------------------------------------------------
Boone Jenner             1  0  1   1  0   2  0  0  0  0  1/2    11:01   0:00   0:00 
Christopher Higgins      1  0  1   1  0   2  0  1  0  0  2/4    17:07   0:00   5:50 
Cody Hodgson             0  1  1   1  0   4  0  0  0  0  11/20  19:17   3:27   0:00 
Derek Stepan             0  0  0   0  0   4  1  0  0  0  21/40  23:39   4:13   5:50 
Johan Franzen            0  0  0   1  0   1  3  0  0  0  2/2    17:38   3:27   0:00 
Justin Faulk             0  1  1   1  5   0  4  0  0  0  0/0    19:25   4:10   4:22 
Keith Yandle             1  1  2   1  5   2  0  0  0  0  0/0    16:33   3:30   2:10 
Kevin Shattenkirk        0  1  1   0  0   1  1  1  0  0  0/0    23:17   3:30   4:16 
Marcus Johansson         0  0  0   0  2   1  2  0  0  0  0/2    17:48   4:13   0:00 
Marian Hossa             1  1  2   1  0   12 0  0  0  0  0/0    20:36   3:27   2:06 
Matt Calvert             0  0  0   0  4   0  1  0  0  0  0/0     4:43   0:00   0:00 
Nick Holden              0  1  1   1  2   0  6  0  0  0  0/0    20:06   0:00   2:27 
Quinton Howden           0  0  0   0  5   0  1  0  0  0  1/4     3:36   0:00   0:00 
Radim Vrbata             0  0  0   0  0   4  1  0  0  0  0/0    17:49   4:13   0:00 
Riley Sheahan            0  0  0   1  0   2  0  0  0  0  6/9    11:00   0:00   0:00 
Sami Vatanen             0  0  0   0  2   2  3  2  0  0  0/0    20:21   0:00   2:37 
Scottie Upshall          0  0  0   0  2   1  0  0  0  0  1/4     6:50   0:00   2:06 
Tyson Barrie             0  2  2   1  0   0  0  0  0  0  0/0    19:10   4:10   0:00 

Players Stats for Kings

Player Name              G  A  P  +/- PIM S  H  SB GA TA FO     MP     PP MP  PK MP  
------------------------------------------------------------------------------------
Blair Jones              0  0  0  -2  0   0  1  0  0  0  1/1    10:33   0:00   0:24 
Brian Gionta             0  1  1   1  7   1  1  0  0  0  1/3    13:45   0:00   0:00 
Colin Wilson             0  0  0   1  2   1  1  1  0  0  1/1    18:39   2:53   0:14 
Dennis Seidenberg        0  0  0  -1  5   3  1  2  0  0  0/0    23:14   5:06   4:30 
Deryk Engelland          0  0  0   0  0   0  0  0  0  0  0/0     0:44   0:00   0:00 
Dustin Penner            0  0  0   0  0   1  0  0  0  0  0/0     9:34   2:53   0:00 
J.T. Brown               0  0  0  -2  0   2  0  0  0  0  0/0     9:10   0:00   0:00 
Jamie McBain             0  0  0  -2  0   0  0  0  0  0  0/0    15:26   2:07   0:27 
Kris Letang              0  0  0  -1  5   2  0  4  0  0  0/0    22:56   5:29   4:10 
Michal Handzus           0  0  0  -2  0   3  0  0  0  0  21/44  19:22   5:03   5:09 
Mikael Granlund          1  0  1   1  2   2  1  1  0  0  8/16   18:25   2:53   0:00 
Mike Richards            0  0  0  -1  0   3  1  0  0  0  2/3    23:08   5:03   5:19 
Mikhail Grabovski        0  0  0   0  0   1  0  0  0  0  1/6     9:02   0:00   2:07 
Robyn Regehr             0  0  0  -2  4   0  3  0  0  0  0/0    12:36   0:00   0:00 
Ryan Nugent-Hopkins      0  0  0  -1  0   2  0  0  0  0  7/13   17:42   0:00   0:00 
Sean Monahan             0  0  0  -1  0   5  2  0  0  0  0/0    20:57   5:03   2:07 
Tobias Enstrom           0  0  0   1  0   0  0  1  0  0  0/0    22:04   0:20   3:30 
Tyler Myers              0  0  0   1  2   3  3  1  0  0  0/0    22:55   2:50   2:43 

3 Stars

1 - Martin Jones (COL)
2 - Marian Hossa (COL)
3 - Christopher Higgins (COL)

Power Play

Avalanche - 1 on 4 Attempt(s) - 25.00%
Kings - 0 on 4 Attempt(s) - 0.00%

Penalty Kill

Avalanche - 4 on 4 Attempt(s) - 100.00% - Score 0 goal in Penalty Kill
Kings - 3 on 4 Attempt(s) - 75.00% - Score 0 goal in Penalty Kill

Official

Referees : Darcy Burchell and TJ Luxmore
Linesman : Jean Morin and Shane Heyer

Game Notes

General Fight at 3:15 of 1st period
Dennis Seidenberg and Justin Faulk fight to a draw at 3:15 of 1st period
Kris Letang and Keith Yandle fight to a draw at 3:15 of 1st period
Brian Gionta and Quinton Howden fight to a draw at 3:15 of 1st period

Finance

Level 1 -- Attendance: 6500 (100.00%) -- Ticket Income $481,000
Level 2 -- Attendance: 4565 (91.30%) -- Ticket Income $278,465
Level 3 -- Attendance: 3500 (100.00%) -- Ticket Income $136,500
Level 4 -- Attendance: 2118 (100.00%) -- Ticket Income $72,012
Luxury Box -- Attendance: 1000 (100.00%) -- Ticket Income $185,000
Game was played at the Staples Center
Total Attendance: 17683 (97.60%)
Total Ticket Income: $1,152,977
Other Income: $172,947
Total Income: $1,325,924

% Time on Ice - Avalanche

Lines # - Real PCT - Wanted PCT - Time Play
Normal Forward
1 - 32% - 35% - 13:36
2 - 33% - 35% - 14:11
3 - 23% - 20% - 9:53
4 - 11% - 10% - 4:45
Normal Defense
1 - 31% - 35% - 13:02
2 - 33% - 30% - 14:05
3 - 30% - 25% - 12:51
4 - 6% - 10% - 2:27
PP Forward
1 - 55% - 54% - 4:13
2 - 45% - 46% - 3:27
PP Defense
1 - 54% - 60% - 4:10
2 - 46% - 40% - 3:30
PK Forward
1 - 74% - 60% - 5:50
2 - 26% - 40% - 2:06
PK Defense
1 - 55% - 60% - 4:22
2 - 45% - 40% - 3:34
PK3 Forward
1 - 0% - 60%
2 - 0% - 40%
PK3 Defense
1 - 0% - 60%
2 - 0% - 40%
44 Forward
1 - 44% - 60% - 0:52
2 - 56% - 40% - 1:07
44 Defense
1 - 39% - 60% - 0:46
2 - 61% - 40% - 1:13
Last Minute Offensive  - 0:00
Last Minute Defensive  - 0:00
Total
Forward - 60:00
Defense - 60:00

% Time on Ice - Kings

Lines # - Real PCT - Wanted PCT - Time Play
Normal Forward
1 - 26% - 40% - 11:01
2 - 37% - 30% - 15:33
3 - 16% - 20% - 6:41
4 - 22% - 10% - 9:10
Normal Defense
1 - 40% - 40% - 16:58
2 - 35% - 30% - 15:02
3 - 24% - 20% - 10:04
4 - 1% - 10% - 0:21
PP Forward
1 - 64% - 60% - 5:03
2 - 36% - 40% - 2:53
PP Defense
1 - 64% - 60% - 5:06
2 - 36% - 40% - 2:50
PK Forward
1 - 72% - 60% - 5:33
2 - 28% - 40% - 2:07
PK Defense
1 - 54% - 60% - 4:10
2 - 46% - 40% - 3:30
PK3 Forward
1 - 0% - 60%
2 - 0% - 40%
PK3 Defense
1 - 0% - 60%
2 - 0% - 40%
44 Forward
1 - 88% - 60% - 1:45
2 - 12% - 40% - 0:14
44 Defense
1 - 90% - 60% - 1:47
2 - 10% - 40% - 0:12
Last Minute Offensive  - 0:00
Last Minute Defensive  - 0:00
Total
Forward - 60:00
Defense - 60:00

Play by Play

1st period


0:01 of 1st period - Derek Stepan wins face-off versus Ryan Nugent-Hopkins in neutral zone.
0:57 of 1st period - Shot by Brian Gionta.
0:57 of 1st period - Shot Misses the Net.
1:25 of 1st period - Shot by Johan Franzen.
1:25 of 1st period - Shot Misses the Net.
1:31 of 1st period - Shot by Marian Hossa.
1:31 of 1st period - Stopped by Steve Mason without a rebound.
1:32 of 1st period - Riley Sheahan wins face-off versus Michal Handzus in Kings zone.
1:39 of 1st period - Shot by Boone Jenner.
1:39 of 1st period - Goal by Boone Jenner - Avalanche : 1 - Kings : 0.
1:40 of 1st period - Cody Hodgson wins face-off versus Mikhail Grabovski in neutral zone.
2:31 of 1st period - Icing by Johan Franzen.
2:32 of 1st period - Johan Franzen wins face-off versus Michal Handzus in Avalanche zone.
2:49 of 1st period - Shot by J.T. Brown.
2:49 of 1st period - Stopped by Martin Jones without a rebound.
2:50 of 1st period - Mikael Granlund wins face-off versus Quinton Howden in Avalanche zone.
2:59 of 1st period - Dennis Seidenberg is hit by Quinton Howden and loses puck.
3:08 of 1st period - Shot by Quinton Howden.
3:08 of 1st period - Shot Misses the Net.
3:14 of 1st period - Shot by Scottie Upshall.
3:14 of 1st period - Shot Misses the Net.
3:15 of 1st period - Dennis Seidenberg and Justin Faulk fight to a draw.
3:15 of 1st period - Penalty to Dennis Seidenberg for Fighting.
3:15 of 1st period - Penalty to Justin Faulk for Fighting.
3:15 of 1st period - Kris Letang and Keith Yandle fight to a draw.
3:15 of 1st period - Penalty to Kris Letang for Fighting.
3:15 of 1st period - Penalty to Keith Yandle for Fighting.
3:15 of 1st period - Brian Gionta and Quinton Howden fight to a draw.
3:15 of 1st period - Penalty to Brian Gionta for Fighting.
3:15 of 1st period - Penalty to Quinton Howden for Fighting.
3:15 of 1st period - Minor Penalty to Colin Wilson for Roughing.
3:15 of 1st period - Minor Penalty to Mikael Granlund for Roughing.
3:15 of 1st period - Minor Penalty to Scottie Upshall for Roughing.
3:15 of 1st period - Minor Penalty to Matt Calvert for Slashing.
3:16 of 1st period - Mike Richards wins face-off versus Christopher Higgins in Kings zone.
3:27 of 1st period - Shot by Sean Monahan.
3:27 of 1st period - Stopped by Martin Jones without a rebound.
3:28 of 1st period - Christopher Higgins wins face-off versus Mike Richards in Avalanche zone.
4:01 of 1st period - Shot by Christopher Higgins.
4:01 of 1st period - Stopped by Steve Mason without a rebound.
4:02 of 1st period - Mike Richards wins face-off versus Cody Hodgson in Kings zone.
4:48 of 1st period - Tobias Enstrom is hit by Kevin Shattenkirk and loses puck.
5:16 of 1st period - Shot by Sean Monahan.
5:16 of 1st period - Shot Hit the Post.
6:32 of 1st period - Shot by Ryan Nugent-Hopkins.
6:32 of 1st period - Stopped by Martin Jones without a rebound.
6:33 of 1st period - Boone Jenner wins face-off versus Mikhail Grabovski in Avalanche zone.
6:48 of 1st period - Shot by Matt Calvert.
6:48 of 1st period - Shot Misses the Net.
7:46 of 1st period - Icing by Blair Jones.
7:47 of 1st period - Michal Handzus wins face-off versus Cody Hodgson in Kings zone.
9:30 of 1st period - Shot by Derek Stepan.
9:30 of 1st period - Stopped by Steve Mason with a rebound.
9:59 of 1st period - Minor Penalty to Matt Calvert for Roughing.
10:00 of 1st period - Derek Stepan wins face-off versus Michal Handzus in Avalanche zone.
10:17 of 1st period - Shot by Sean Monahan.
10:17 of 1st period - Shot Misses the Net.
10:19 of 1st period - Shot by Michal Handzus.
10:19 of 1st period - Stopped by Martin Jones without a rebound.
10:20 of 1st period - Michal Handzus wins face-off versus Derek Stepan in Avalanche zone.
10:21 of 1st period - Shot by Mike Richards.
10:21 of 1st period - Stopped by Martin Jones with a rebound.
10:33 of 1st period - Shot by Sean Monahan.
10:33 of 1st period - Stopped by Martin Jones without a rebound.
10:34 of 1st period - Derek Stepan wins face-off versus Mikael Granlund in Avalanche zone.
10:58 of 1st period - Shot by Mikael Granlund.
10:58 of 1st period - Stopped by Martin Jones without a rebound.
10:59 of 1st period - Michal Handzus wins face-off versus Scottie Upshall in Avalanche zone.
11:08 of 1st period - Shot by Sean Monahan.
11:08 of 1st period - Stopped by Martin Jones without a rebound.
11:09 of 1st period - Michal Handzus wins face-off versus Derek Stepan in Avalanche zone.
11:12 of 1st period - Shot by Tyler Myers.
11:12 of 1st period - Stopped by Martin Jones without a rebound.
11:13 of 1st period - Michal Handzus wins face-off versus Derek Stepan in Avalanche zone.
11:14 of 1st period - Shot by Mike Richards.
11:14 of 1st period - Shot Blocked by Sami Vatanen.
11:16 of 1st period - Shot by Michal Handzus.
11:16 of 1st period - Shot Misses the Net.
11:18 of 1st period - Shot by Dennis Seidenberg.
11:18 of 1st period - Shot Misses the Net.
11:20 of 1st period - Shot by Kris Letang.
11:20 of 1st period - Stopped by Martin Jones without a rebound.
11:21 of 1st period - Derek Stepan wins face-off versus Michal Handzus in Avalanche zone.
11:41 of 1st period - Shot by Dennis Seidenberg.
11:41 of 1st period - Stopped by Martin Jones without a rebound.
11:42 of 1st period - Mikael Granlund wins face-off versus Scottie Upshall in Avalanche zone.
11:42 of 1st period - Tyler Myers is hit by Justin Faulk and loses puck.
11:45 of 1st period - Shot by Tyler Myers.
11:45 of 1st period - Shot Misses the Net.
11:47 of 1st period - Shot by Tyler Myers.
11:47 of 1st period - Shot Misses the Net.
11:49 of 1st period - Shot by Tyler Myers.
11:49 of 1st period - Stopped by Martin Jones without a rebound.
11:50 of 1st period - Derek Stepan wins face-off versus Michal Handzus in Avalanche zone.
11:56 of 1st period - Icing by Dennis Seidenberg.
11:57 of 1st period - Derek Stepan wins face-off versus Michal Handzus in Kings zone.
12:04 of 1st period - Shot by Cody Hodgson.
12:04 of 1st period - Shot Misses the Net.
12:06 of 1st period - Shot by Cody Hodgson.
12:06 of 1st period - Shot Blocked by Tyler Myers.
12:20 of 1st period - Shot by Cody Hodgson.
12:20 of 1st period - Deflect By Johan Franzen.
12:20 of 1st period - Shot Hit the Post.
12:22 of 1st period - Shot by Marian Hossa.
12:22 of 1st period - Stopped by Steve Mason without a rebound.
12:23 of 1st period - Riley Sheahan wins face-off versus Mikael Granlund in Kings zone.
12:44 of 1st period - Shot by Christopher Higgins.
12:44 of 1st period - Shot Blocked by Colin Wilson.
12:46 of 1st period - Shot by Riley Sheahan.
12:46 of 1st period - Shot Misses the Net.
12:52 of 1st period - Shot by Christopher Higgins.
12:52 of 1st period - Shot Blocked by Mikael Granlund.
12:54 of 1st period - Shot by Boone Jenner.
12:54 of 1st period - Stopped by Steve Mason with a rebound.
13:34 of 1st period - Shot by Cody Hodgson.
13:34 of 1st period - Shot Misses the Net.
13:38 of 1st period - Shot by Marian Hossa.
13:38 of 1st period - Shot Misses the Net.
13:40 of 1st period - Shot by Cody Hodgson.
13:40 of 1st period - Deflect By Marian Hossa.
13:40 of 1st period - Stopped by Steve Mason without a rebound.
13:41 of 1st period - Blair Jones wins face-off versus Derek Stepan in Kings zone.
14:14 of 1st period - Shot by Radim Vrbata.
14:14 of 1st period - Shot Misses the Net.
14:28 of 1st period - Shot by Radim Vrbata.
14:28 of 1st period - Shot Blocked by Dennis Seidenberg.
14:57 of 1st period - Icing by Tyler Myers.
14:58 of 1st period - Ryan Nugent-Hopkins wins face-off versus Riley Sheahan in Kings zone.
15:16 of 1st period - Shot by Riley Sheahan.
15:16 of 1st period - Stopped by Steve Mason without a rebound.
15:17 of 1st period - Mikael Granlund wins face-off versus Cody Hodgson in Kings zone.
15:17 of 1st period - Mikael Granlund is hit by Johan Franzen.
15:29 of 1st period - Shot by Brian Gionta.
15:29 of 1st period - Stopped by Martin Jones without a rebound.
15:30 of 1st period - Derek Stepan wins face-off versus Ryan Nugent-Hopkins in Avalanche zone.
15:30 of 1st period - Derek Stepan is hit by Sean Monahan.
16:01 of 1st period - Shot by Ryan Nugent-Hopkins.
16:01 of 1st period - Deflect By Sean Monahan.
16:01 of 1st period - Stopped by Martin Jones without a rebound.
16:02 of 1st period - Johan Franzen wins face-off versus Mikael Granlund in Avalanche zone.
16:21 of 1st period - Icing by Nick Holden.
16:22 of 1st period - Ryan Nugent-Hopkins wins face-off versus Cody Hodgson in Avalanche zone.
16:24 of 1st period - Minor Penalty to Nick Holden for Interference.
16:25 of 1st period - Michal Handzus wins face-off versus Derek Stepan in Avalanche zone.
16:56 of 1st period - Shot by Kris Letang.
16:56 of 1st period - Shot Misses the Net.
17:04 of 1st period - Shot by Michal Handzus.
17:04 of 1st period - Shot Blocked by Sami Vatanen.
17:06 of 1st period - Shot by Mike Richards.
17:06 of 1st period - Stopped by Martin Jones without a rebound.
17:07 of 1st period - Scottie Upshall wins face-off versus Mikael Granlund in Avalanche zone.
17:40 of 1st period - Shot by Dustin Penner.
17:40 of 1st period - Stopped by Martin Jones without a rebound.
17:41 of 1st period - Michal Handzus wins face-off versus Scottie Upshall in Avalanche zone.
17:47 of 1st period - Sean Monahan is hit by Sami Vatanen and loses puck.
19:39 of 1st period - Icing by Robyn Regehr.
19:40 of 1st period - Derek Stepan wins face-off versus Mikhail Grabovski in Kings zone.
19:55 of 1st period - Shot by Derek Stepan.
19:55 of 1st period - Stopped by Steve Mason without a rebound.
19:56 of 1st period - Riley Sheahan wins face-off versus Michal Handzus in Kings zone.
Goals for this period are 1 for Avalanche vs 0 for Kings.
Shots for this period are 9 for Avalanche vs 16 for Kings.

2nd period


0:01 of 2nd period - Cody Hodgson wins face-off versus Ryan Nugent-Hopkins in neutral zone.
0:20 of 2nd period - Shot by Cody Hodgson.
0:20 of 2nd period - Stopped by Steve Mason without a rebound.
0:21 of 2nd period - Derek Stepan wins face-off versus Brian Gionta in Kings zone.
0:24 of 2nd period - Shot by Marcus Johansson.
0:24 of 2nd period - Shot Blocked by Kris Letang.
0:37 of 2nd period - Icing by Dennis Seidenberg.
0:38 of 2nd period - Mikael Granlund wins face-off versus Riley Sheahan in Kings zone.
1:53 of 2nd period - Derek Stepan is hit by Sean Monahan and loses puck.
1:58 of 2nd period - Shot by Mike Richards.
1:58 of 2nd period - Shot Misses the Net.
2:00 of 2nd period - Shot by Tyler Myers.
2:00 of 2nd period - Shot Misses the Net.
2:02 of 2nd period - Shot by Tobias Enstrom.
2:02 of 2nd period - Shot Misses the Net.
3:46 of 2nd period - Shot by Riley Sheahan.
3:46 of 2nd period - Stopped by Steve Mason with a rebound.
3:56 of 2nd period - Shot by Riley Sheahan.
3:56 of 2nd period - Shot Misses the Net.
3:58 of 2nd period - Shot by Sami Vatanen.
3:58 of 2nd period - Stopped by Steve Mason with a rebound.
4:00 of 2nd period - Shot by Sami Vatanen.
4:00 of 2nd period - Shot Misses the Net.
4:02 of 2nd period - Shot by Sami Vatanen.
4:02 of 2nd period - Stopped by Steve Mason without a rebound.
4:03 of 2nd period - Brian Gionta wins face-off versus Quinton Howden in Kings zone.
4:40 of 2nd period - Mikael Granlund is hit by Justin Faulk and loses puck.
4:54 of 2nd period - Mikael Granlund is hit by Sami Vatanen.
5:21 of 2nd period - Icing by Kevin Shattenkirk.
5:22 of 2nd period - Ryan Nugent-Hopkins wins face-off versus Derek Stepan in Avalanche zone.
5:59 of 2nd period - Shot by Mike Richards.
5:59 of 2nd period - Shot Misses the Net.
6:13 of 2nd period - Shot by Marian Hossa.
6:13 of 2nd period - Goal by Marian Hossa - Avalanche : 2 - Kings : 0.
6:14 of 2nd period - Michal Handzus wins face-off versus Riley Sheahan in neutral zone.
6:17 of 2nd period - Keith Yandle is hit by Blair Jones and loses puck.
6:25 of 2nd period - J.T. Brown is hit by Justin Faulk and loses puck.
6:29 of 2nd period - J.T. Brown is hit by Justin Faulk and loses puck.
6:32 of 2nd period - Shot by Michal Handzus.
6:32 of 2nd period - Stopped by Martin Jones with a rebound.
6:34 of 2nd period - Shot by J.T. Brown.
6:34 of 2nd period - Stopped by Martin Jones without a rebound.
6:35 of 2nd period - Cody Hodgson wins face-off versus Brian Gionta in Avalanche zone.
6:35 of 2nd period - Cody Hodgson is hit by Mikael Granlund.
6:48 of 2nd period - Marian Hossa is hit by Robyn Regehr and loses puck.
6:58 of 2nd period - Minor Penalty to Brian Gionta for Interference.
6:59 of 2nd period - Derek Stepan wins face-off versus Michal Handzus in Kings zone.
7:21 of 2nd period - Shot by Radim Vrbata.
7:21 of 2nd period - Stopped by Steve Mason without a rebound.
7:22 of 2nd period - Cody Hodgson wins face-off versus Michal Handzus in Kings zone.
7:39 of 2nd period - Shot by Tyson Barrie.
7:39 of 2nd period - Shot Misses the Net.
9:27 of 2nd period - Brian Gionta is hit by Sami Vatanen and loses puck.
9:34 of 2nd period - Shot by Brian Gionta.
9:34 of 2nd period - Shot Misses the Net.
9:55 of 2nd period - Mikhail Grabovski is hit by Nick Holden and loses puck.
9:59 of 2nd period - Mikhail Grabovski is hit by Nick Holden and loses puck.
10:04 of 2nd period - Shot by Tobias Enstrom.
10:04 of 2nd period - Shot Misses the Net.
10:06 of 2nd period - Shot by Tyler Myers.
10:06 of 2nd period - Stopped by Martin Jones with a rebound.
10:21 of 2nd period - Ryan Nugent-Hopkins is hit by Nick Holden and loses puck.
10:39 of 2nd period - Off-side.
10:40 of 2nd period - Cody Hodgson wins face-off versus Michal Handzus in neutral zone.
10:59 of 2nd period - Shot by Marian Hossa.
10:59 of 2nd period - Stopped by Steve Mason without a rebound.
11:00 of 2nd period - Colin Wilson wins face-off versus Derek Stepan in Kings zone.
11:00 of 2nd period - Colin Wilson is hit by Derek Stepan.
11:11 of 2nd period - Minor Penalty to Robyn Regehr for Interference.
11:12 of 2nd period - Cody Hodgson wins face-off versus Michal Handzus in Kings zone.
11:12 of 2nd period - Cody Hodgson is hit by Dennis Seidenberg.
11:22 of 2nd period - Shot by Cody Hodgson.
11:22 of 2nd period - Stopped by Steve Mason without a rebound.
11:23 of 2nd period - Michal Handzus wins face-off versus Marcus Johansson in Kings zone.
11:23 of 2nd period - Michal Handzus is hit by Marcus Johansson.
11:41 of 2nd period - Icing by Derek Stepan.
11:42 of 2nd period - Derek Stepan wins face-off versus Michal Handzus in Avalanche zone.
11:57 of 2nd period - Shot by Marcus Johansson.
11:57 of 2nd period - Stopped by Steve Mason without a rebound.
11:58 of 2nd period - Michal Handzus wins face-off versus Cody Hodgson in Kings zone.
12:31 of 2nd period - Shot by Marian Hossa.
12:31 of 2nd period - Stopped by Steve Mason without a rebound.
12:32 of 2nd period - Michal Handzus wins face-off versus Derek Stepan in Kings zone.
12:40 of 2nd period - Shot by Marcus Johansson.
12:40 of 2nd period - Shot Blocked by Dennis Seidenberg.
12:42 of 2nd period - Shot by Derek Stepan.
12:42 of 2nd period - Stopped by Steve Mason without a rebound.
12:43 of 2nd period - Derek Stepan wins face-off versus Michal Handzus in Kings zone.
13:18 of 2nd period - Shot by Johan Franzen.
13:18 of 2nd period - Shot Misses the Net.
13:21 of 2nd period - Minor Penalty to Robyn Regehr for High sticking.
13:22 of 2nd period - Cody Hodgson wins face-off versus Michal Handzus in Kings zone.
13:25 of 2nd period - Shot by Tyson Barrie.
13:25 of 2nd period - Shot Blocked by Kris Letang.
13:45 of 2nd period - Shot by Cody Hodgson.
13:45 of 2nd period - Stopped by Steve Mason with a rebound.
13:52 of 2nd period - Icing by Marian Hossa.
13:53 of 2nd period - Cody Hodgson wins face-off versus Michal Handzus in Avalanche zone.
14:42 of 2nd period - Shot by Keith Yandle.
14:42 of 2nd period - Stopped by Steve Mason with a rebound.
14:44 of 2nd period - Shot by Radim Vrbata.
14:44 of 2nd period - Stopped by Steve Mason without a rebound.
14:45 of 2nd period - Derek Stepan wins face-off versus Mikhail Grabovski in Kings zone.
14:50 of 2nd period - Shot by Derek Stepan.
14:50 of 2nd period - Shot Misses the Net.
14:52 of 2nd period - Shot by Radim Vrbata.
14:52 of 2nd period - Stopped by Steve Mason without a rebound.
14:53 of 2nd period - Derek Stepan wins face-off versus Michal Handzus in Kings zone.
16:04 of 2nd period - Christopher Higgins is hit by Robyn Regehr and loses puck.
16:45 of 2nd period - Shot by Johan Franzen.
16:45 of 2nd period - Shot Blocked by Kris Letang.
16:47 of 2nd period - Shot by Cody Hodgson.
16:47 of 2nd period - Stopped by Steve Mason with a rebound.
16:49 of 2nd period - Shot by Marian Hossa.
16:49 of 2nd period - Deflect By Johan Franzen.
16:49 of 2nd period - Shot Misses the Net.
16:51 of 2nd period - Shot by Justin Faulk.
16:51 of 2nd period - Shot Misses the Net.
16:53 of 2nd period - Shot by Marian Hossa.
16:53 of 2nd period - Stopped by Steve Mason without a rebound.
16:54 of 2nd period - Michal Handzus wins face-off versus Derek Stepan in Kings zone.
17:10 of 2nd period - J.T. Brown is hit by Nick Holden.
17:17 of 2nd period - Icing by Derek Stepan.
17:18 of 2nd period - Ryan Nugent-Hopkins wins face-off versus Derek Stepan in Avalanche zone.
17:18 of 2nd period - Mike Richards is hit by Nick Holden and loses puck.
17:41 of 2nd period - Shot by Ryan Nugent-Hopkins.
17:41 of 2nd period - Stopped by Martin Jones without a rebound.
17:42 of 2nd period - Mikael Granlund wins face-off versus Cody Hodgson in Avalanche zone.
18:03 of 2nd period - Sami Vatanen is hit by Brian Gionta and loses puck.
18:21 of 2nd period - Minor Penalty to Sami Vatanen for Slashing.
18:22 of 2nd period - Derek Stepan wins face-off versus Michal Handzus in Avalanche zone.
19:30 of 2nd period - Shot by Jamie McBain.
19:30 of 2nd period - Shot Misses the Net.
19:44 of 2nd period - Shot by Colin Wilson.
19:44 of 2nd period - Shot Misses the Net.
Goals for this period are 1 for Avalanche vs 0 for Kings.
Shots for this period are 17 for Avalanche vs 4 for Kings.

3rd period


0:01 of 3rd period - Michal Handzus wins face-off versus Derek Stepan in neutral zone.
0:06 of 3rd period - Shot by Dennis Seidenberg.
0:06 of 3rd period - Stopped by Martin Jones without a rebound.
0:07 of 3rd period - Michal Handzus wins face-off versus Christopher Higgins in Avalanche zone.
0:10 of 3rd period - Shot by Sean Monahan.
0:10 of 3rd period - Deflect By Michal Handzus.
0:10 of 3rd period - Stopped by Martin Jones without a rebound.
0:11 of 3rd period - Michal Handzus wins face-off versus Derek Stepan in Avalanche zone.
0:14 of 3rd period - Shot by Dennis Seidenberg.
0:14 of 3rd period - Shot Blocked by Christopher Higgins.
0:32 of 3rd period - Shot by Ryan Nugent-Hopkins.
0:32 of 3rd period - Deflect By Mikhail Grabovski.
0:32 of 3rd period - Stopped by Martin Jones with a rebound.
1:58 of 3rd period - Shot by Radim Vrbata.
1:58 of 3rd period - Stopped by Steve Mason without a rebound.
1:59 of 3rd period - Riley Sheahan wins face-off versus Michal Handzus in Kings zone.
2:28 of 3rd period - Shot by Christopher Higgins.
2:28 of 3rd period - Goal by Christopher Higgins - Avalanche : 3 - Kings : 0.
2:29 of 3rd period - Ryan Nugent-Hopkins wins face-off versus Derek Stepan in neutral zone.
2:55 of 3rd period - Kevin Shattenkirk is hit by Mike Richards and loses puck.
3:01 of 3rd period - Marcus Johansson is hit by Tyler Myers and loses puck.
3:27 of 3rd period - Off-side.
3:28 of 3rd period - Mikael Granlund wins face-off versus Quinton Howden in neutral zone.
3:28 of 3rd period - Mikael Granlund is hit by Matt Calvert.
3:53 of 3rd period - Off-side.
3:54 of 3rd period - Michal Handzus wins face-off versus Cody Hodgson in neutral zone.
4:09 of 3rd period - Shot by Marian Hossa.
4:09 of 3rd period - Stopped by Steve Mason without a rebound.
4:10 of 3rd period - Mikael Granlund wins face-off versus Derek Stepan in Kings zone.
4:10 of 3rd period - Mikael Granlund is hit by Radim Vrbata.
4:28 of 3rd period - Off-side.
4:29 of 3rd period - Cody Hodgson wins face-off versus Ryan Nugent-Hopkins in neutral zone.
4:39 of 3rd period - Minor Penalty to Tyler Myers for Hooking.
4:40 of 3rd period - Derek Stepan wins face-off versus Michal Handzus in Kings zone.
5:46 of 3rd period - Shot by Kevin Shattenkirk.
5:46 of 3rd period - Stopped by Steve Mason without a rebound.
5:47 of 3rd period - Cody Hodgson wins face-off versus Michal Handzus in Kings zone.
6:04 of 3rd period - Shot by Marian Hossa.
6:04 of 3rd period - Deflect By Cody Hodgson.
6:04 of 3rd period - Shot Misses the Net.
6:12 of 3rd period - Shot by Keith Yandle.
6:12 of 3rd period - Shot Misses the Net.
6:14 of 3rd period - Shot by Kevin Shattenkirk.
6:14 of 3rd period - Shot Misses the Net.
6:16 of 3rd period - Shot by Marian Hossa.
6:16 of 3rd period - Shot Blocked by Kris Letang.
6:18 of 3rd period - Shot by Marian Hossa.
6:18 of 3rd period - Stopped by Steve Mason with a rebound.
6:20 of 3rd period - Shot by Kevin Shattenkirk.
6:20 of 3rd period - Shot Misses the Net.
6:22 of 3rd period - Shot by Keith Yandle.
6:22 of 3rd period - Goal by Keith Yandle - Avalanche : 4 - Kings : 0.
6:23 of 3rd period - Riley Sheahan wins face-off versus Mikhail Grabovski in neutral zone.
6:54 of 3rd period - Icing by Sami Vatanen.
6:55 of 3rd period - Christopher Higgins wins face-off versus Mikael Granlund in Avalanche zone.
7:07 of 3rd period - Icing by Tobias Enstrom.
7:08 of 3rd period - Derek Stepan wins face-off versus Mikael Granlund in Kings zone.
7:08 of 3rd period - Radim Vrbata is hit by Tyler Myers and loses puck.
7:46 of 3rd period - Shot by Brian Gionta.
7:46 of 3rd period - Deflect By Mikael Granlund.
7:46 of 3rd period - Shot Misses the Net.
7:49 of 3rd period - Icing by Keith Yandle.
7:50 of 3rd period - Ryan Nugent-Hopkins wins face-off versus Derek Stepan in Avalanche zone.
8:11 of 3rd period - Icing by Dennis Seidenberg.
8:12 of 3rd period - Ryan Nugent-Hopkins wins face-off versus Cody Hodgson in Kings zone.
8:16 of 3rd period - Icing by Dennis Seidenberg.
8:17 of 3rd period - Cody Hodgson wins face-off versus Ryan Nugent-Hopkins in Kings zone.
8:22 of 3rd period - Shot by Cody Hodgson.
8:22 of 3rd period - Shot Misses the Net.
8:32 of 3rd period - Shot by Marian Hossa.
8:32 of 3rd period - Stopped by Steve Mason with a rebound.
8:58 of 3rd period - Shot by Cody Hodgson.
8:58 of 3rd period - Shot Misses the Net.
9:33 of 3rd period - Shot by Tyson Barrie.
9:33 of 3rd period - Shot Blocked by Tobias Enstrom.
9:43 of 3rd period - Boone Jenner is hit by Colin Wilson and loses puck.
9:58 of 3rd period - Shot by Mikael Granlund.
9:58 of 3rd period - Goal by Mikael Granlund - Avalanche : 4 - Kings : 1.
9:59 of 3rd period - Derek Stepan wins face-off versus Michal Handzus in neutral zone.
10:06 of 3rd period - Shot by Derek Stepan.
10:06 of 3rd period - Stopped by Steve Mason without a rebound.
10:07 of 3rd period - Michal Handzus wins face-off versus Derek Stepan in Kings zone.
10:07 of 3rd period - Michal Handzus is hit by Marcus Johansson.
10:12 of 3rd period - Minor Penalty to Marcus Johansson for Holding.
10:13 of 3rd period - Michal Handzus wins face-off versus Derek Stepan in Avalanche zone.
10:18 of 3rd period - Shot by Mike Richards.
10:18 of 3rd period - Stopped by Martin Jones without a rebound.
10:19 of 3rd period - Michal Handzus wins face-off versus Derek Stepan in Avalanche zone.
10:31 of 3rd period - Shot by Dennis Seidenberg.
10:31 of 3rd period - Stopped by Martin Jones with a rebound.
10:33 of 3rd period - Shot by Kris Letang.
10:33 of 3rd period - Stopped by Martin Jones without a rebound.
10:34 of 3rd period - Mikael Granlund wins face-off versus Derek Stepan in Avalanche zone.
10:59 of 3rd period - Shot by Kris Letang.
10:59 of 3rd period - Shot Blocked by Kevin Shattenkirk.
11:01 of 3rd period - Shot by Dennis Seidenberg.
11:01 of 3rd period - Shot Misses the Net.
11:05 of 3rd period - Shot by Colin Wilson.
11:05 of 3rd period - Stopped by Martin Jones without a rebound.
11:06 of 3rd period - Derek Stepan wins face-off versus Michal Handzus in Avalanche zone.
11:41 of 3rd period - Shot by Sean Monahan.
11:41 of 3rd period - Stopped by Martin Jones without a rebound.
11:42 of 3rd period - Derek Stepan wins face-off versus Mikael Granlund in Avalanche zone.
12:37 of 3rd period - Shot by Cody Hodgson.
12:37 of 3rd period - Shot Misses the Net.
12:54 of 3rd period - Marian Hossa is hit by Tyler Myers and loses puck.
13:11 of 3rd period - Shot by Scottie Upshall.
13:11 of 3rd period - Stopped by Steve Mason with a rebound.
15:16 of 3rd period - Johan Franzen is hit by Robyn Regehr and loses puck.
15:23 of 3rd period - Shot by Marian Hossa.
15:23 of 3rd period - Stopped by Steve Mason with a rebound.
15:42 of 3rd period - Icing by Brian Gionta.
15:43 of 3rd period - Riley Sheahan wins face-off versus Mikael Granlund in Kings zone.
15:58 of 3rd period - Icing by Keith Yandle.
15:59 of 3rd period - Michal Handzus wins face-off versus Boone Jenner in Avalanche zone.
17:03 of 3rd period - Icing by Michal Handzus.
17:04 of 3rd period - Michal Handzus wins face-off versus Cody Hodgson in Kings zone.
17:04 of 3rd period - Michal Handzus is hit by Johan Franzen.
17:25 of 3rd period - Shot by Johan Franzen.
17:25 of 3rd period - Stopped by Steve Mason without a rebound.
17:26 of 3rd period - Mikhail Grabovski wins face-off versus Marcus Johansson in Kings zone.
17:32 of 3rd period - Icing by Sami Vatanen.
17:33 of 3rd period - Derek Stepan wins face-off versus Ryan Nugent-Hopkins in Avalanche zone.
17:52 of 3rd period - Shot by Ryan Nugent-Hopkins.
17:52 of 3rd period - Shot Misses the Net.
18:27 of 3rd period - Kris Letang is hit by Johan Franzen and loses puck.
19:01 of 3rd period - Shot by Marian Hossa.
19:01 of 3rd period - Stopped by Steve Mason without a rebound.
19:02 of 3rd period - Quinton Howden wins face-off versus Michal Handzus in Kings zone.
19:23 of 3rd period - Shot by Blair Jones.
19:23 of 3rd period - Shot Misses the Net.
19:51 of 3rd period - Tobias Enstrom is hit by Nick Holden and loses puck.
Goals for this period are 2 for Avalanche vs 1 for Kings.
Shots for this period are 12 for Avalanche vs 9 for Kings.


Output by the SimonT Hockey Simulator (STHS) for Stephane Roy -- Original Page W3C XHTML 1.0 Valid
Hockey Simulator - Hockey Simulation - Hockey Manager